 Dungeon Crawl Stone Soup version 0.18-b1-2-gd0c887e (webtiles) character file.

32 Gargoyl the Skirmisher (level 3, 0/29 HPs)
             Began as a Demonspawn Abyssal Knight on Apr 28, 2016.
             Was a Follower of Lugonu.
             Succumbed to an adder's poison
             ... on level 1 of the Dungeon.
             The game lasted 00:02:25 (793 turns).

Gargoyl the Skirmisher (Demonspawn Abyssal Knight)   Turns: 793, Time: 00:02:26

Health: 0/29       AC:  8    Str: 15 (16) XL:     3   Next: 8%
Magic:  4/4        EV:  5    Int: 10 (13) God:    Lugonu [*.....]
Gold:   67         SH: 11    Dex: 10 (12) Spells: 0 memorised, 2 levels left

rFire  . . .     SeeInvis .     a - +1 hand axe
rCold  . . .     Gourm    .     j - +0 ring mail
rNeg   . . .     Faith    .     d - +0 large shield
rPois  .         Spirit   .     (no helmet)
rElec  .         Dismiss  .     (no cloak)
rCorr  .         Reflect  .     (no gloves)
SustAt .         Harm     .     (no boots)
MR     .....                    (no amulet)
Stlth  ..........               (no ring)
                                e - +3 ring of strength

@: lethally poisoned (0 -> -8), very slightly contaminated, hasted, invisible,
very quick, not resistant to hostile enchantments, extremely unstealthy
A: yellow scales 2
a: Depart the Abyss, Renounce Religion


You were on level 1 of the Dungeon.
You worshipped Lugonu.
Lugonu was aware of your devotion.
You were not hungry.

You visited 1 branch of the dungeon, and saw 2 of its levels.
You visited the Abyss 1 time.

You collected 67 gold pieces.

Inventory:

Hand Weapons
 a - a +1 hand axe (weapon)
Missiles
 n - 8 tomahawks (quivered)
Armour
 d - a +0 large shield (worn)
 j - a +0 ring mail (worn)
Jewellery
 e - a +3 ring of strength (left hand)
Scrolls
 b - a scroll of recharging {unknown}
 g - 2 scrolls of teleportation {unknown}
 l - a scroll of amnesia {unknown}
 o - a scroll of identify {unknown}
 p - a scroll of random uselessness {unknown}
Comestibles
 c - 2 bread rations
 h - a meat ration


   Skills:
 + Level 3.5 Fighting
 + Level 2.0 Axes
 * Level 2.0 Armour
 + Level 1.1 Dodging
 + Level 1.0 Shields
 + Level 2.5 Invocations


You had 2 spell levels left.
You didn't know any spells.

Dungeon Overview and Level Annotations

Branches:
Dungeon (2/15)

Altars:


Innate Abilities, Weirdness & Mutations

You are mostly covered in yellow scales (AC +3).


Message History

Drink which item? (? for menu, Esc to quit)
It was a potion of degeneration.
There was something very wrong with that liquid.
You feel weakened.
You feel dopey.
You feel clumsy.
* * * LOW HITPOINT WARNING * * *
You feel sick.
The kobold shouts!
Drink which item? (? for menu, Esc to quit)
It was a potion of cure mutation.
It has a very clean taste.
* * * LOW HITPOINT WARNING * * *
You feel sick.
The kobold shouts!
The kobold shouts!
Unknown command.
* * * LOW HITPOINT WARNING * * *
You feel sick.
The kobold shouts!
The kobold shouts!
A goblin comes into view. It is wielding a dagger.
You die...

#.# #.......).####### #.#
###.###.........# #.### #.#
#..†..S...#
....#####.###.#...K...###########
...........##.#>)(....'..........
....#########.##......###########
..).'.........##......#
....############......# ....#
#.....@.....# ....# #...........#
....# #...........# ....#
#..........## .#### #..........#
.# #...[......####### .#
#.........g......# .#
#................# .#
#................#


You could see an adder, a goblin (wandering) and a kobold (wandering).

Vanquished Creatures
  2 dart slugs (D:1)
  2 giant geckos (D:1)
  5 goblins (D:1)
  5 hobgoblins (D:1)
  3 kobolds (D:1)
  2 ball pythons
  2 bats (D:1)
  2 giant newts (D:1)
  2 rats (D:1)
25 creatures vanquished.

Notes
Turn   | Place    | Note
--------------------------------------------------------------
     0 | Abyss:1  | Gargoyl the Demonspawn Abyssal Knight began the quest for the Orb.
     0 | Abyss:1  | Reached XP level 1. HP: 18/18 MP: 2/2
    40 | Abyss:1  | Found a sparkling altar of Nemelex Xobeh.
    67 | Abyss:1  | Noticed a great orb of eyes
    69 | D:1      | Escaped the Abyss
   182 | D:1      | Reached * piety under Lugonu
   260 | D:1      | Gained mutation: You are partially covered in yellow scales (AC +2). [demonic ancestry]
   260 | D:1      | Reached XP level 2. HP: 19/24 MP: 3/3
   404 | D:1      | Reached skill level 1 in Dodging
   780 | D:2      | Gained mutation: You are mostly covered in yellow scales (AC +3). [demonic ancestry]
   780 | D:2      | Reached XP level 3. HP: 19/29 MP: 4/4
   785 | D:1      | Reached skill level 1 in Shields
   791 | D:1      | HP: 1/29 [poisoned by an adder]
   793 | D:1      | Succumbed to an adder's poison

Skill      XL: |  1  2  3 |
---------------+----------+-----
Axes           | 2 |  2.0
Armour         | 2 |  2.0
Dodging        | 1 |  1.1
Shields        | 1 |  1.0
Fighting       | |  3.5
Invocations    | |  2.5

Action                   || total
-------------------------++-------
Melee: Hand axe          ||    71
Invok: Depart the Abyss  ||     1
  Use: Potion            ||     4
Armor: Leather armour    ||     2
       Ring mail         ||    28
Dodge: Dodged            ||    33
Block: Large shield      ||    56
